 Dungeon Crawl Stone Soup version 0.23.2-40-g277498a001 (webtiles) character file.

Game seed: 17329686723235747738

581 Kikorro the Cudgeler (level 7, 0/61 HPs)
             Began as a Minotaur Fighter on Sept 13, 2019.
             Succumbed to Sigmund's poison
             ... on level 4 of the Dungeon.
             The game lasted 00:11:14 (3851 turns).

Kikorro the Cudgeler (Minotaur Fighter)             Turns: 3851, Time: 00:11:15

Health: 0/61       AC:  8    Str: 23    XL:     7   Next: 13%
Magic:  6/6        EV:  8    Int:  0    God:
Gold:   198        SH: 12    Dex:  9    Spells: 6/6 levels left

rFire    + . .     SeeInvis .   a - +0 flail
rCold    x . .     Gourm    .   c - +0 shield
rNeg     + . .     Faith    .   b - +0 scale mail
rPois    .         Spirit   .   (helmet restricted)
rElec    .         Reflect  +   (no cloak)
rCorr    .         Harm     .   (no gloves)
MR       .....                  e - +0 pair of boots
Stlth    ..........             m - +2 amulet of reflection
HPRegen  0.20/turn              n - ring "Xonek" {rF+ rC- rN+ Int-5} (curse)
MPRegen  0.10/turn              (no ring)

@: lethally poisoned (0 -> -3), slowed, lost intelligence, very slow
A: retaliatory headbutt, horns 2
a: no special abilities


You were on level 4 of the Dungeon.
You were not hungry.

You visited 1 branch of the dungeon, and saw 4 of its levels.

You collected 198 gold pieces.

Inventory:

Hand Weapons
 a - a +0 flail (weapon)
 h - a +0 fustibalus of freezing
Missiles
 g - 21 sling bullets
Armour
 b - a +0 scale mail (worn)
 c - a +0 shield (worn)
 e - a +0 pair of boots (worn)
Jewellery
 i - an uncursed amulet of guardian spirit
 m - a +2 amulet of reflection (around neck)
 n - the cursed ring "Xonek" (left hand) {rF+ rC- rN+ Int-5}
   (You found it on level 4 of the Dungeon)

   [ring of intelligence]

   It affects your intelligence (-5).
   It protects you from fire.
   It makes you vulnerable to cold.
   It protects you from negative energy.
   It has a curse placed upon it.
Scrolls
 j - a scroll of fog {unknown}
 l - a scroll of fear {unknown}
 q - a scroll of teleportation {unknown}
Potions
 d - a potion of might
 k - a potion of ambrosia {unknown}
 o - 2 potions of brilliance
Comestibles
 f - 11 rations


   Skills:
 + Level 5.3 Fighting
 + Level 5.9 Maces & Flails
 + Level 4.7 Armour
 + Level 1.8 Dodging
 + Level 0.7 Stealth
 + Level 5.8 Shields


You had 6 spell levels left.
You didn't know any spells.
Your spell library contained the following spells:

 Spells                   Type           Power        Failure   Level  Hunger
 Animate Skeleton         Necr           N/A          99%         1    ##.....
 Apportation              Tloc           #.....       99%         1    ##.....
 Confusing Touch          Hex            #.....       99%         1    ##.....
 Sting                    Conj/Pois      #...         99%         1    ##.....
 Summon Small Mammal      Summ           #...         99%         1    ##.....
 Poisonous Vapours        Pois/Air       #.....       100%        2    ###....
 Mephitic Cloud           Conj/Pois/Air  #.......     100%        3    ####...
 Olgreb's Toxic Radiance  Pois           #.......     100%        4    #####..
 Venom Bolt               Conj/Pois      #.........   100%        5    ######.


Dungeon Overview and Level Annotations

Branches:
Dungeon (4/15)
 Temple: D:4-7

Altars:
Hepliaklqana
Ru
Xom

Shops:
D:4 !

Annotations:
D:4 Sigmund


Innate Abilities, Weirdness & Mutations

You reflexively headbutt those who attack you in melee.
You have a pair of horns on your head.


Message History

The ball python constricts you.
You escape the ball python's grasp.
You feel sick. You block the ball python's attack. x2
You block the ball python's attack. x2
You feel sick. The ball python bites you.
* * * LOW HITPOINT WARNING * * *
You block the ball python's attack.
You feel sick.
The ball python bites you but does no damage.
You block the ball python's attack. You block something's attack.
You block the ball python's attack. x2
You block the ball python's attack. x2
You feel sick. Something hits you!
* * * LOW HITPOINT WARNING * * *
You are lethally poisoned!
* * * LOW HITPOINT WARNING * * *
You feel sick. You block the ball python's attack. x2
You block the ball python's attack. x2
It was a potion of cancellation.
You feel magically purged.
You die...

#### # .. .#.###########
.###.##....<....#
..##.##.........#
...#..#.........#
.....#..........###############
....###...).....@S............#
..##.#............O...#######.#
.####.#....>....#####.## #.#
.......................# #O#
...####.........#####..# #.#
...# ####...##.# #..# #.# ...#
##.###.# #..######.### ...#
#.....# #............ ...#
####### .########.##


You could see an ogre and a ball python.

Vanquished Creatures
  Menkaure (D:3)
  A phantom (D:3)
  3 scorpions
  An orc priest (D:3)
  A centaur skeleton (D:4)
  5 gnolls
  2 adders
  An ooze (D:4)
  3 worms (D:3)
  3 dart slugs
  6 leopard geckos
  9 orcs
  3 giant cockroaches
  9 goblins
  11 hobgoblins
  7 jackals
  8 kobolds
  2 quokkas (D:3)
  5 ball pythons
  8 bats
  5 frilled lizards
  8 rats
102 creatures vanquished.

Notes
Turn   | Place    | Note
-------+----------+-------------------------------------------
     0 | D:1      | Kikorro the Minotaur Fighter began the quest for the Orb.
     0 | D:1      | Reached XP level 1. HP: 19/19 MP: 0/0
   151 | D:1      | Reached XP level 2. HP: 20/27 MP: 1/1
   625 | D:1      | Reached XP level 3. HP: 24/33 MP: 2/2
  1154 | D:2      | Reached XP level 4. HP: 34/41 MP: 3/3
  1657 | D:3      | Found a hazy altar of Hepliaklqana.
  1668 | D:3      | Reached skill level 5 in Shields
  1668 | D:3      | Reached XP level 5. HP: 31/47 MP: 4/4
  1859 | D:3      | Found a shimmering altar of Xom.
  2393 | D:3      | Noticed a phantom
  2430 | D:3      | Killed a phantom
  2430 | D:3      | Reached skill level 5 in Fighting
  2430 | D:3      | Reached XP level 6. HP: 43/56 MP: 5/5
  2635 | D:3      | Found a sacrificial altar of Ru.
  2691 | D:4      | Noticed Menkaure
  3028 | D:3      | HP: 1/56 [Menkaure/nerve-wracking pain (9)]
  3029 | D:3      | Killed Menkaure
  3029 | D:3      | Reached skill level 5 in Maces & Flails
  3029 | D:3      | Reached skill level 1 in Dodging
  3481 | D:4      | Reached XP level 7. HP: 61/61 MP: 6/6
  3568 | D:4      | Found Alaigyf's Distillery.
  3582 | D:4      | Got a flickering golden ring
  3583 | D:4      | Lost intelligence.
  3583 | D:4      | Identified the cursed ring "Xonek" {rF+ rC- rN+ Int-5} (You
                  | found it on level 4 of the Dungeon)
  3829 | D:4      | Noticed Sigmund
  3848 | D:4      | HP: 1/61 [something (11)]
  3851 | D:4      | Succumbed to Sigmund's poison

Skill      XL: |  1  2  3  4  5  6 |
---------------+-------------------+-----
Fighting       | 4 5 |  5.3
Shields        | 4 5 |  5.8
Maces & Flails | 3 4 5 |  5.9
Armour         | 4 |  4.7
Dodging        | 1 |  1.8
Stealth        | |  0.7

Action                   |  1- 3 |  4- 6 |  7- 9 || total
-------------------------+-------+-------+-------++-------
Melee: Flail             |   105 |   161 |     6 ||   272
       Headbutt          |    13 |    30 |     2 ||    45
  Use: Scroll            |     2 |     4 |       ||     6
       Potion            |       |     1 |     1 ||     2
  Eat: Chunk             |     1 |     6 |       ||     7
       Ration            |       |     1 |       ||     1
Armor: Scale mail        |    57 |    55 |     7 ||   119
Dodge: Dodged            |    25 |    46 |     3 ||    74
Block: Shield            |    51 |   102 |    28 ||   181
       Reflection        |       |     1 |       ||     1
